[ AOE2 MATCH · #481639645 ]
Team RMFranks vs Mapuche
[ REPLAY ANALYSIS · EXTRACTED FROM THE RECORDED GAME ]
Feudal
9:33
Castle
20:59
Imperial
35:38
| APM avg | 45.0 |
| APM peak | 162 |
| eAPM avg | 18.2 |
| Villagers / military | 118 / 170 |
Focus
⚔️ 28.8% · 🌾 71.2%
Knight ×84 · Skirmisher ×35 · Spearman ×23 · Monk ×18 · Scout Cavalry ×6 · Trebuchet (Packed) ×4
Feudal
10:48
Castle
14:22
Imperial
—
| APM avg | 28.6 |
| APM peak | 64 |
| eAPM avg | 13.4 |
| Villagers / military | 133 / 101 |
Focus
⚔️ 31.9% · 🌾 68.1%
Bolas Rider ×98 · Spearman ×2 · Monk ×1
Feudal
11:16
Castle
18:40
Imperial
42:34
| APM avg | 19.9 |
| APM peak | 40 |
| eAPM avg | 14.0 |
| Villagers / military | 84 / 131 |
Focus
⚔️ 42.6% · 🌾 57.4%
Spearman ×49 · Scout Cavalry ×45 · Battle Elephant ×35 · Knight ×1 · Trebuchet (Packed) ×1
Feudal
10:09
Castle
21:29
Imperial
39:30
| APM avg | 42.8 |
| APM peak | 91 |
| eAPM avg | 18.5 |
| Villagers / military | 146 / 171 |
Focus
⚔️ 49.6% · 🌾 50.4%
Skirmisher ×82 · Knight ×75 · Scout Cavalry ×8 · Battering Ram ×3 · Scorpion ×2 · Monk ×1
Feudal
9:41
Castle
22:54
Imperial
35:40
| APM avg | 52.2 |
| APM peak | 94 |
| eAPM avg | 20.2 |
| Villagers / military | 118 / 126 |
Focus
⚔️ 36.2% · 🌾 63.8%
Archer ×117 · Unknown (1944) ×15 · Unknown (1942) ×8 · Scout Cavalry ×5 · Spearman ×4
Feudal
11:37
Castle
23:37
Imperial
37:58
| APM avg | 36.2 |
| APM peak | 84 |
| eAPM avg | 17.2 |
| Villagers / military | 147 / 159 |
Focus
⚔️ 35.1% · 🌾 64.9%
Skirmisher ×93 · Militia ×35 · Archer ×26 · Trebuchet (Packed) ×4 · Monk ×1
Match map
Initial resources + every placement click. Lines = walls · curves = elevation contours. ◆ gold · ⬟ stone · ● berries · ✦ relic · ◌ wall gap
Your base· ✓ Closed at 20:59 · 57t walls · 4 gate(s)
[PYSA] - Abusamadres Jones's base· ✓ Closed at 14:22 · 31t walls · 1 gate(s)
[PYSA] - Manu Jijobili's base· Open — unwalled flank
murat's base· Open — 13t gap
[PYSA] - ༺Jijolino Locche༻'s base· ✓ Closed at 22:54 · 32t walls · 1 gate(s)
Gırbanç's base· Open — 4t gap
Smoothed initial terrain · ◌ = detected wall gap · hover for details
Inputs per minute
— Khaledus Secundus - - [PYSA] - Abusamadres Jones
Build order — Khaledus Secundus
First 150 of 346 actions detected
| 0:01 | Create | Villager (Male) ×4 |
| 0:03 | Build | House |
| 0:04 | Build | House |
| 1:24 | Create | Villager (Male) |
| 1:44 | Build | Lumber Camp |
| 1:58 | Create | Villager (Male) |
| 2:19 | Create | Villager (Male) |
| 2:49 | Create | Villager (Male) |
| 2:59 | Build | House |
| 3:04 | Create | Villager (Male) |
| 3:34 | Create | Villager (Male) |
| 3:50 | Create | Villager (Male) |
| 3:51 | Create | Villager (Male) |
| 4:18 | Build | Mill |
| 4:40 | Create | Villager (Male) ×2 |
| 5:17 | Build | House |
| 5:26 | Create | Villager (Male) ×4 |
| 6:00 | Create | Villager (Male) |
| 6:39 | Research | Loom |
| 6:49 | Build | House |
| 6:53 | Build | Palisade Wall |
| 7:23 | Research | Feudal Age |
| 7:29 | Build | Barracks |
| 7:56 | Build | Palisade Gate |
| 8:19 | Build | Palisade Wall |
| 8:19 | Build | Palisade Wall |
| 8:20 | Build | Palisade Wall |
| 9:00 | Build | House |
| 9:05 | Build | Palisade Gate |
| 9:31 | Build | Palisade Wall |
| 9:33 | Age | Feudal Age |
| 9:40 | Build | Stable |
| 9:47 | Create | Villager (Male) |
| 9:48 | Create | Villager (Male) |
| 9:53 | Research | Double-Bit Axe |
| 10:06 | Create | Villager (Male) |
| 10:16 | Build | Farm |
| 10:26 | Build | Farm |
| 10:30 | Create | Villager (Male) |
| 10:35 | Create | Scout Cavalry ×4 |
| 10:42 | Build | Farm |
| 11:04 | Build | Farm |
| 11:07 | Create | Villager (Male) |
| 11:20 | Build | Farm |
| 11:31 | Build | Farm |
| 11:32 | Create | Villager (Male) |
| 11:33 | Create | Villager (Male) |
| 11:33 | Create | Villager (Male) |
| 11:49 | Build | House |
| 11:57 | Create | Scout Cavalry |
| 12:05 | Build | Farm |
| 12:09 | Build | Farm |
| 13:18 | Build | Farm |
| 13:20 | Build | House |
| 13:35 | Create | Villager (Male) |
| 13:40 | Build | Farm |
| 13:41 | Build | Farm |
| 13:41 | Build | Farm |
| 13:41 | Build | Farm |
| 13:41 | Build | Farm |
| 13:42 | Build | Farm |
| 13:45 | Create | Villager (Male) |
| 13:45 | Create | Villager (Male) |
| 13:50 | Build | Palisade Wall |
| 13:59 | Build | Farm |
| 14:07 | Build | House |
| 14:10 | Create | Villager (Male) |
| 14:47 | Build | Palisade Wall |
| 14:49 | Create | Villager (Male) |
| 14:57 | Build | Blacksmith |
| 15:19 | Build | Palisade Wall |
| 15:19 | Build | Palisade Wall |
| 15:20 | Build | Palisade Wall |
| 15:24 | Build | Mining Camp |
| 15:25 | Create | Villager (Male) |
| 15:30 | Build | Mining Camp |
| 15:34 | Create | Villager (Male) |
| 17:06 | Build | Palisade Wall |
| 17:10 | Build | Palisade Wall |
| 17:23 | Create | Villager (Male) |
| 17:27 | Create | Villager (Male) |
| 17:32 | Build | House |
| 17:40 | Build | Stable |
| 17:45 | Build | Palisade Gate |
| 17:49 | Create | Villager (Male) |
| 18:01 | Build | Market |
| 18:16 | Build | Farm |
| 18:19 | Research | Castle Age |
| 18:28 | Research | Scale Barding Armor |
| 18:28 | Research | Forging |
| 19:04 | Build | Palisade Gate |
| 19:15 | Research | Gold Mining |
| 19:21 | Create | Villager (Male) |
| 19:21 | Create | Villager (Male) |
| 20:22 | Build | Stone Wall |
| 20:24 | Build | Stone Wall |
| 20:37 | Create | Villager (Male) |
| 20:53 | Build | Mining Camp |
| 20:59 | Age | Castle Age |
| 21:01 | Create | Knight ×4 |
| 21:10 | Build | Town Center |
| 21:28 | Create | Knight |
| 21:38 | Create | Villager (Male) |
| 21:53 | Create | Villager (Male) |
| 21:53 | Create | Villager (Male) |
| 21:53 | Create | Villager (Male) |
| 21:57 | Research | Husbandry |
| 21:59 | Create | Knight |
| 21:59 | Create | Knight |
| 22:07 | Build | Town Center |
| 22:10 | Research | Gold Shaft Mining |
| 22:17 | Research | Bow Saw |
| 22:18 | Create | Villager (Male) ×3 |
| 22:25 | Create | Villager (Male) |
| 22:48 | Create | Villager (Male) |
| 22:48 | Create | Villager (Male) |
| 22:50 | Build | Farm |
| 22:52 | Build | Farm |
| 23:07 | Create | Villager (Male) |
| 23:07 | Create | Villager (Male) |
| 23:12 | Create | Knight |
| 23:22 | Create | Villager (Male) |
| 23:23 | Create | Villager (Male) |
| 23:29 | Build | Farm |
| 23:33 | Build | Farm |
| 23:39 | Create | Knight |
| 23:39 | Create | Knight |
| 23:58 | Build | Farm |
| 23:59 | Build | Farm |
| 24:01 | Build | Farm |
| 24:03 | Build | Farm |
| 24:04 | Create | Villager (Male) |
| 24:14 | Research | Wheelbarrow |
| 24:30 | Build | Farm |
| 24:31 | Create | Villager (Male) |
| 24:34 | Build | Farm |
| 24:35 | Create | Villager (Male) |
| 24:40 | Create | Villager (Male) |
| 24:40 | Create | Villager (Male) |
| 24:44 | Create | Knight |
| 25:02 | Build | Farm |
| 25:11 | Build | House |
| 25:13 | Build | House |
| 25:20 | Research | Chain Barding Armor |
| 25:40 | Create | Villager (Male) |
| 25:40 | Create | Villager (Male) |
| 25:45 | Build | House |
| 25:50 | Create | Knight ×2 |
| 25:55 | Build | Farm |
| 25:59 | Create | Knight |
Build order — [PYSA] - Abusamadres Jones
First 150 of 367 actions detected
| 0:00 | Create | Villager (Male) |
| 0:01 | Create | Villager (Male) |
| 0:01 | Create | Villager (Male) |
| 0:02 | Build | House |
| 0:04 | Build | House |
| 0:54 | Create | Villager (Male) |
| 1:32 | Create | Villager (Male) |
| 1:48 | Build | Settlement |
| 1:59 | Create | Villager (Male) |
| 2:20 | Create | Villager (Male) |
| 2:57 | Create | Villager (Male) |
| 2:58 | Create | Villager (Male) |
| 3:20 | Create | Villager (Male) |
| 3:40 | Create | Villager (Male) |
| 4:04 | Create | Villager (Male) |
| 4:07 | Build | Settlement |
| 4:13 | Build | Settlement |
| 4:47 | Create | Villager (Male) |
| 4:48 | Create | Villager (Male) |
| 4:48 | Create | Villager (Male) |
| 5:33 | Create | Villager (Male) |
| 5:48 | Create | Villager (Male) |
| 6:15 | Create | Villager (Male) |
| 6:48 | Create | Villager (Male) |
| 6:48 | Create | Villager (Male) |
| 7:48 | Create | Villager (Male) |
| 7:49 | Research | Loom |
| 8:31 | Research | Feudal Age |
| 9:10 | Build | House |
| 9:11 | Build | House |
| 9:13 | Build | Palisade Wall |
| 9:59 | Build | Palisade Wall |
| 10:17 | Create | Villager (Male) |
| 10:18 | Create | Villager (Male) |
| 10:48 | Age | Feudal Age |
| 10:51 | Build | Market |
| 10:54 | Build | Blacksmith |
| 10:56 | Build | House |
| 11:09 | Build | Palisade Wall |
| 11:13 | Create | Spearman |
| 11:18 | Create | Spearman |
| 11:33 | Build | Palisade Gate |
| 11:36 | Build | House |
| 11:42 | Research | Castle Age |
| 12:06 | Build | Settlement |
| 12:23 | Build | House |
| 12:26 | Build | Palisade Wall |
| 12:28 | Build | Palisade Wall |
| 12:33 | Build | Palisade Wall |
| 12:45 | Research | Double-Bit Axe |
| 12:49 | Build | Farm |
| 13:15 | Research | Fletching |
| 13:30 | Build | Palisade Wall |
| 13:41 | Build | House |
| 13:45 | Create | Villager (Male) |
| 13:55 | Build | Barracks |
| 14:06 | Create | Villager (Male) |
| 14:22 | Age | Castle Age |
| 14:26 | Build | Farm |
| 14:26 | Build | Farm |
| 14:50 | Build | Farm |
| 15:00 | Build | Archery Range |
| 15:09 | Build | Archery Range |
| 15:15 | Create | Villager (Male) |
| 15:15 | Create | Villager (Male) |
| 15:16 | Create | Villager (Male) |
| 15:46 | Create | Villager (Male) |
| 15:52 | Create | Bolas Rider |
| 15:54 | Create | Bolas Rider |
| 15:56 | Create | Bolas Rider |
| 15:56 | Create | Bolas Rider |
| 16:01 | Build | Farm |
| 16:16 | Create | Villager (Male) |
| 16:20 | Create | Bolas Rider |
| 16:26 | Create | Bolas Rider |
| 16:31 | Create | Bolas Rider |
| 16:33 | Create | Villager (Male) |
| 16:37 | Build | Farm |
| 16:38 | Build | Farm |
| 16:42 | Build | Farm |
| 17:00 | Build | House |
| 17:02 | Build | Palisade Wall |
| 17:11 | Create | Bolas Rider |
| 17:16 | Create | Villager (Male) |
| 17:25 | Create | Villager (Male) |
| 18:09 | Create | Villager (Male) |
| 18:12 | Create | Bolas Rider |
| 18:27 | Create | Bolas Rider |
| 18:28 | Create | Bolas Rider |
| 18:28 | Create | Bolas Rider |
| 18:28 | Create | Bolas Rider |
| 18:45 | Create | Villager (Male) |
| 18:45 | Create | Villager (Male) |
| 18:46 | Create | Villager (Male) |
| 18:49 | Create | Bolas Rider |
| 18:49 | Create | Bolas Rider |
| 18:58 | Research | Horse Collar |
| 19:18 | Build | Farm |
| 19:18 | Build | Farm |
| 19:18 | Build | Farm |
| 19:36 | Create | Villager (Male) |
| 19:38 | Create | Bolas Rider |
| 19:40 | Create | Bolas Rider |
| 20:20 | Create | Villager (Male) |
| 20:21 | Create | Villager (Male) |
| 20:46 | Create | Bolas Rider |
| 20:47 | Create | Bolas Rider |
| 20:49 | Create | Bolas Rider |
| 20:49 | Create | Bolas Rider |
| 21:07 | Research | Bodkin Arrow |
| 21:35 | Create | Villager (Male) |
| 21:35 | Create | Villager (Male) |
| 21:36 | Create | Villager (Male) |
| 21:36 | Create | Villager (Male) |
| 21:46 | Build | Town Center |
| 21:57 | Build | Palisade Wall |
| 22:08 | Build | House |
| 22:13 | Build | Farm |
| 22:16 | Create | Bolas Rider |
| 22:16 | Create | Bolas Rider |
| 22:16 | Create | Bolas Rider |
| 22:17 | Create | Bolas Rider |
| 22:17 | Create | Bolas Rider |
| 22:56 | Build | Farm |
| 23:36 | Create | Villager (Male) |
| 23:37 | Create | Villager (Male) |
| 23:39 | Create | Bolas Rider |
| 23:39 | Create | Bolas Rider |
| 23:39 | Create | Bolas Rider |
| 23:39 | Create | Bolas Rider |
| 23:40 | Create | Bolas Rider |
| 23:41 | Create | Bolas Rider |
| 24:20 | Research | Padded Archer Armor |
| 24:27 | Create | Bolas Rider |
| 24:27 | Create | Bolas Rider |
| 24:36 | Create | Bolas Rider |
| 24:37 | Create | Bolas Rider |
| 24:50 | Create | Villager (Male) |
| 24:50 | Create | Villager (Male) |
| 24:50 | Create | Villager (Male) |
| 24:50 | Create | Villager (Male) |
| 24:51 | Create | Villager (Male) |
| 24:54 | Build | House |
| 24:55 | Build | House |
| 25:01 | Build | House |
| 25:02 | Build | House |
| 25:02 | Build | House |
| 25:04 | Build | House |
| 25:11 | Research | Leather Archer Armor |
| 26:45 | Create | Bolas Rider |
Build order — [PYSA] - Manu Jijobili
First 150 of 311 actions detected
| 0:02 | Create | Villager (Male) |
| 0:02 | Create | Villager (Male) |
| 0:06 | Build | House |
| 0:07 | Build | House |
| 0:51 | Create | Villager (Male) |
| 1:21 | Create | Villager (Male) |
| 1:44 | Create | Villager (Male) |
| 2:01 | Build | Lumber Camp |
| 2:15 | Create | Villager (Male) |
| 2:37 | Create | Villager (Male) |
| 2:49 | Create | Villager (Male) |
| 3:21 | Create | Villager (Male) |
| 3:36 | Build | House |
| 3:42 | Create | Villager (Male) |
| 3:57 | Create | Villager (Male) |
| 4:04 | Build | Mill |
| 4:48 | Create | Villager (Male) |
| 5:13 | Create | Villager (Male) |
| 5:47 | Build | House |
| 5:49 | Build | Palisade Wall |
| 5:58 | Create | Villager (Male) |
| 6:24 | Create | Villager (Male) |
| 6:36 | Build | House |
| 6:38 | Build | Palisade Wall |
| 6:51 | Create | Villager (Male) |
| 7:18 | Create | Villager (Male) |
| 7:40 | Create | Villager (Male) |
| 8:12 | Build | Palisade Wall |
| 8:16 | Create | Villager (Male) |
| 8:26 | Build | Mining Camp |
| 8:36 | Research | Loom |
| 8:56 | Research | Feudal Age |
| 9:46 | Build | House |
| 10:24 | Build | Barracks |
| 10:44 | Build | Palisade Wall |
| 10:45 | Build | Palisade Wall |
| 11:06 | Create | Villager (Male) |
| 11:16 | Age | Feudal Age |
| 11:21 | Create | Villager (Male) |
| 11:30 | Research | Horse Collar |
| 11:36 | Build | Stable |
| 11:53 | Create | Spearman |
| 12:10 | Build | Blacksmith |
| 12:12 | Build | Palisade Wall |
| 12:15 | Create | Villager (Male) |
| 13:35 | Create | Spearman |
| 13:48 | Build | Farm |
| 13:50 | Build | Farm |
| 13:51 | Build | Farm |
| 14:05 | Create | Villager (Male) |
| 14:07 | Create | Villager (Male) |
| 14:21 | Build | Farm |
| 14:23 | Build | Farm |
| 14:25 | Build | Farm |
| 14:41 | Build | Farm |
| 14:45 | Create | Villager (Male) |
| 14:50 | Build | Farm |
| 14:54 | Create | Spearman |
| 15:11 | Build | Palisade Wall |
| 15:12 | Build | Palisade Wall |
| 15:31 | Build | Farm |
| 15:32 | Build | Farm |
| 15:33 | Build | Farm |
| 16:00 | Research | Castle Age |
| 16:49 | Create | Spearman |
| 17:24 | Build | Farm |
| 17:25 | Build | Farm |
| 17:25 | Build | Farm |
| 17:26 | Build | Farm |
| 17:26 | Build | Farm |
| 17:26 | Build | Farm |
| 17:55 | Create | Villager (Male) |
| 17:58 | Build | House |
| 18:00 | Build | House |
| 18:03 | Build | House |
| 18:19 | Build | Farm |
| 18:28 | Build | Farm |
| 18:40 | Age | Castle Age |
| 18:49 | Create | Knight |
| 18:57 | Create | Battle Elephant |
| 19:20 | Build | Stable |
| 19:22 | Create | Villager (Male) |
| 19:23 | Create | Villager (Male) |
| 19:48 | Create | Battle Elephant |
| 20:09 | Create | Battle Elephant |
| 20:29 | Create | Villager (Male) |
| 20:54 | Build | Town Center |
| 20:59 | Create | Villager (Male) |
| 21:02 | Create | Villager (Male) |
| 21:16 | Research | Heavy Plow |
| 21:19 | Create | Battle Elephant |
| 21:23 | Research | Husbandry |
| 21:26 | Research | Scale Barding Armor |
| 21:28 | Create | Villager (Male) |
| 21:49 | Create | Battle Elephant |
| 22:06 | Create | Villager (Male) |
| 22:17 | Build | Farm |
| 22:25 | Build | Farm |
| 22:29 | Create | Villager (Male) |
| 22:38 | Create | Villager (Male) |
| 22:39 | Create | Villager (Male) |
| 22:48 | Create | Battle Elephant |
| 23:16 | Build | Town Center |
| 23:18 | Create | Villager (Male) |
| 23:19 | Create | Villager (Male) |
| 23:19 | Create | Villager (Male) |
| 23:32 | Create | Villager (Male) |
| 23:40 | Build | Farm |
| 23:47 | Research | Bloodlines |
| 24:28 | Build | House |
| 24:34 | Build | House |
| 24:37 | Create | Villager (Male) |
| 24:38 | Create | Villager (Male) |
| 24:38 | Research | Wheelbarrow |
| 24:46 | Create | Villager (Male) |
| 25:02 | Build | Farm |
| 25:21 | Create | Villager (Male) |
| 25:22 | Create | Villager (Male) |
| 25:22 | Create | Villager (Male) |
| 25:26 | Create | Battle Elephant |
| 25:39 | Build | Farm |
| 25:47 | Build | Farm |
| 25:52 | Create | Battle Elephant |
| 25:53 | Create | Battle Elephant |
| 26:00 | Create | Villager (Male) |
| 26:47 | Research | Chain Barding Armor |
| 27:27 | Research | Hand Cart |
| 27:29 | Create | Battle Elephant |
| 27:29 | Create | Battle Elephant |
| 27:34 | Build | Farm |
| 27:38 | Build | Farm |
| 27:46 | Build | Farm |
| 27:48 | Build | Farm |
| 27:48 | Build | Farm |
| 27:49 | Build | Farm |
| 28:02 | Research | Pikeman (upgrade) |
| 28:03 | Create | Spearman |
| 28:03 | Create | Spearman |
| 28:23 | Create | Battle Elephant |
| 28:42 | Create | Villager (Male) |
| 28:43 | Create | Villager (Male) |
| 28:44 | Create | Villager (Male) |
| 28:46 | Research | Town Watch |
| 29:41 | Create | Spearman |
| 29:43 | Create | Villager (Male) |
| 29:44 | Create | Villager (Male) |
| 29:44 | Create | Villager (Male) |
| 29:44 | Create | Villager (Male) |
| 29:44 | Create | Villager (Male) |
| 29:45 | Create | Villager (Male) |
Build order — murat
First 150 of 357 actions detected
| 0:00 | Create | Villager (Male) ×4 |
| 0:02 | Build | House |
| 0:03 | Build | House |
| 1:22 | Create | Villager (Male) |
| 2:01 | Create | Villager (Male) |
| 2:14 | Create | Villager (Male) |
| 2:14 | Create | Villager (Male) |
| 2:46 | Create | Villager (Male) |
| 2:46 | Create | Villager (Male) |
| 2:55 | Build | Lumber Camp |
| 3:04 | Build | House |
| 3:24 | Create | Villager (Male) |
| 3:24 | Create | Villager (Male) |
| 3:26 | Create | Villager (Male) |
| 3:26 | Create | Villager (Male) |
| 4:08 | Create | Villager (Male) |
| 4:08 | Create | Villager (Male) |
| 4:37 | Create | Villager (Male) ×3 |
| 4:38 | Create | Villager (Male) ×3 |
| 4:47 | Build | House |
| 5:43 | Create | Villager (Male) ×4 |
| 5:51 | Build | Mill |
| 6:05 | Create | Villager (Male) |
| 6:19 | Create | Villager (Male) |
| 6:59 | Create | Villager (Male) ×2 |
| 6:59 | Create | Villager (Male) ×2 |
| 7:11 | Create | Villager (Male) |
| 7:21 | Research | Loom |
| 7:21 | Research | Loom |
| 7:26 | Research | Loom |
| 7:26 | Research | Loom |
| 7:49 | Research | Feudal Age |
| 7:49 | Research | Feudal Age |
| 8:00 | Build | House |
| 8:08 | Build | House |
| 8:50 | Create | Villager (Male) |
| 8:54 | Build | Barracks |
| 10:09 | Age | Feudal Age |
| 10:12 | Build | Stable |
| 10:21 | Build | Blacksmith |
| 10:32 | Create | Villager (Male) |
| 10:47 | Create | Villager (Male) ×5 |
| 11:05 | Build | Palisade Wall |
| 11:07 | Build | Palisade Wall |
| 11:36 | Build | Farm |
| 11:38 | Research | Horse Collar |
| 11:38 | Research | Horse Collar |
| 11:40 | Research | Double-Bit Axe |
| 11:40 | Research | Double-Bit Axe |
| 11:41 | Create | Scout Cavalry |
| 11:41 | Create | Scout Cavalry |
| 11:45 | Research | Forging |
| 11:45 | Research | Forging |
| 11:47 | Research | Scale Barding Armor |
| 11:47 | Research | Scale Barding Armor |
| 11:50 | Research | Forging |
| 11:51 | Research | Forging |
| 11:56 | Build | Farm |
| 12:19 | Build | House |
| 12:20 | Build | House |
| 12:26 | Create | Scout Cavalry |
| 12:28 | Create | Villager (Male) |
| 12:28 | Create | Villager (Male) |
| 12:28 | Create | Villager (Male) |
| 12:38 | Build | Farm |
| 12:40 | Build | Farm |
| 12:43 | Create | Villager (Male) |
| 12:47 | Build | Farm |
| 13:04 | Create | Villager (Male) |
| 13:07 | Build | Farm |
| 13:09 | Build | Farm |
| 13:18 | Create | Scout Cavalry |
| 13:20 | Create | Villager (Male) |
| 13:39 | Create | Scout Cavalry |
| 13:55 | Build | Farm |
| 13:55 | Build | Farm |
| 13:56 | Build | Farm |
| 13:56 | Build | Farm |
| 13:57 | Build | Farm |
| 14:33 | Create | Scout Cavalry |
| 14:33 | Create | Scout Cavalry |
| 14:35 | Create | Villager (Male) |
| 15:03 | Create | Scout Cavalry |
| 15:09 | Create | Villager (Male) ×2 |
| 15:18 | Build | Farm |
| 15:21 | Build | Farm |
| 15:22 | Build | Farm |
| 16:15 | Create | Villager (Male) ×5 |
| 16:18 | Build | Farm |
| 16:19 | Build | Farm |
| 16:20 | Build | Farm |
| 16:26 | Build | House |
| 16:29 | Build | Mining Camp |
| 16:38 | Build | Palisade Wall |
| 16:40 | Build | House |
| 17:01 | Build | Farm |
| 17:12 | Create | Villager (Male) |
| 17:14 | Build | Farm |
| 17:20 | Build | Farm |
| 17:39 | Build | House |
| 17:41 | Build | House |
| 17:42 | Build | House |
| 17:46 | Build | Palisade Wall |
| 18:04 | Create | Villager (Male) |
| 18:42 | Build | Market |
| 18:49 | Research | Castle Age |
| 18:49 | Research | Castle Age |
| 18:49 | Research | Castle Age |
| 18:50 | Create | Villager (Male) |
| 18:50 | Create | Villager (Male) |
| 19:00 | Research | Gold Mining |
| 19:00 | Research | Gold Mining |
| 20:17 | Build | House |
| 20:35 | Build | House |
| 20:41 | Build | Palisade Wall |
| 20:54 | Build | Stable |
| 21:09 | Create | Villager (Male) |
| 21:09 | Create | Villager (Male) |
| 21:24 | Research | Scale Mail Armor |
| 21:24 | Research | Scale Mail Armor |
| 21:29 | Age | Castle Age |
| 21:33 | Build | Palisade Wall |
| 21:35 | Research | Bloodlines |
| 21:36 | Research | Bloodlines |
| 21:36 | Research | Husbandry |
| 21:36 | Research | Husbandry |
| 21:37 | Create | Knight |
| 21:37 | Create | Knight |
| 21:37 | Create | Knight |
| 21:38 | Create | Knight |
| 21:38 | Create | Knight |
| 21:38 | Create | Knight |
| 21:46 | Create | Knight |
| 21:47 | Create | Knight |
| 21:54 | Build | Stable |
| 21:57 | Research | Gold Shaft Mining |
| 21:57 | Research | Gold Shaft Mining |
| 22:04 | Research | Bow Saw |
| 22:04 | Research | Bow Saw |
| 22:26 | Research | Chain Barding Armor |
| 22:26 | Research | Chain Barding Armor |
| 22:50 | Build | House |
| 22:52 | Build | House |
| 22:59 | Create | Knight ×5 |
| 22:59 | Create | Knight ×5 |
| 22:59 | Create | Knight |
| 23:13 | Create | Knight |
| 23:14 | Create | Knight |
| 23:16 | Create | Villager (Male) |
| 23:18 | Create | Villager (Male) ×2 |
Build order — [PYSA] - ༺Jijolino Locche༻
First 150 of 403 actions detected
| 0:01 | Create | Villager (Male) |
| 0:01 | Create | Villager (Male) |
| 0:01 | Create | Villager (Male) |
| 0:03 | Build | House |
| 0:04 | Build | House |
| 0:11 | Create | Villager (Male) |
| 0:12 | Create | Villager (Male) |
| 1:26 | Create | Villager (Male) |
| 1:51 | Build | Lumber Camp |
| 2:04 | Create | Villager (Male) |
| 2:22 | Create | Villager (Male) |
| 2:23 | Create | Villager (Male) |
| 2:49 | Create | Villager (Male) |
| 2:50 | Create | Villager (Male) |
| 3:09 | Create | Villager (Male) |
| 3:30 | Build | House |
| 3:38 | Create | Villager (Male) |
| 4:06 | Build | Mill |
| 4:11 | Create | Villager (Male) |
| 4:12 | Create | Villager (Male) |
| 4:12 | Create | Villager (Male) |
| 4:52 | Create | Villager (Male) |
| 4:53 | Create | Villager (Male) |
| 5:18 | Create | Villager (Male) |
| 5:19 | Create | Villager (Male) |
| 5:36 | Build | House |
| 5:47 | Create | Villager (Male) |
| 6:34 | Create | Villager (Male) |
| 6:34 | Research | Loom |
| 6:46 | Build | Mining Camp |
| 7:22 | Research | Feudal Age |
| 8:19 | Build | Barracks |
| 8:31 | Create | Villager (Male) |
| 8:40 | Build | House |
| 8:42 | Build | Palisade Wall |
| 8:44 | Build | Palisade Wall |
| 9:18 | Create | Villager (Male) |
| 9:19 | Create | Villager (Male) |
| 9:41 | Age | Feudal Age |
| 9:46 | Build | Archery Range |
| 9:49 | Research | Double-Bit Axe |
| 9:54 | Create | Villager (Male) |
| 10:06 | Create | Spearman |
| 10:28 | Create | Villager (Male) |
| 10:33 | Build | Archery Range |
| 10:40 | Create | Archer |
| 10:40 | Create | Villager (Male) |
| 11:04 | Create | Archer |
| 11:21 | Create | Archer |
| 11:23 | Create | Archer |
| 11:26 | Build | Blacksmith |
| 11:30 | Build | House |
| 11:37 | Build | House |
| 11:39 | Build | House |
| 11:46 | Create | Villager (Male) |
| 12:02 | Create | Archer |
| 12:11 | Build | House |
| 12:12 | Build | House |
| 12:17 | Build | House |
| 12:19 | Build | Palisade Wall |
| 12:23 | Build | Palisade Wall |
| 12:25 | Build | Palisade Wall |
| 12:27 | Create | Archer |
| 12:27 | Create | Archer |
| 12:28 | Create | Villager (Male) |
| 12:33 | Build | Palisade Gate |
| 12:35 | Build | Palisade Wall |
| 12:37 | Create | Villager (Male) |
| 12:39 | Create | Archer |
| 12:53 | Research | Fletching |
| 12:55 | Create | Villager (Male) |
| 13:19 | Create | Archer |
| 13:19 | Create | Archer |
| 13:24 | Build | Farm |
| 13:29 | Build | Farm |
| 13:29 | Build | Farm |
| 13:29 | Build | Farm |
| 13:34 | Create | Archer |
| 14:07 | Create | Archer |
| 14:08 | Create | Villager (Male) |
| 14:08 | Create | Villager (Male) |
| 14:11 | Build | Farm |
| 14:11 | Build | Farm |
| 14:12 | Build | Farm |
| 14:12 | Build | Farm |
| 14:12 | Build | Farm |
| 14:14 | Create | Archer |
| 14:14 | Create | Archer |
| 14:23 | Create | Spearman |
| 14:31 | Create | Archer |
| 14:32 | Create | Archer |
| 14:40 | Create | Villager (Male) |
| 14:40 | Create | Villager (Male) |
| 15:04 | Create | Villager (Male) |
| 15:20 | Create | Spearman |
| 15:20 | Create | Spearman |
| 15:28 | Build | House |
| 15:32 | Build | House |
| 15:36 | Build | House |
| 15:47 | Create | Archer |
| 15:48 | Create | Archer |
| 15:50 | Build | Farm |
| 15:53 | Create | Villager (Male) |
| 16:05 | Create | Archer |
| 16:05 | Create | Archer |
| 16:11 | Create | Villager (Male) |
| 16:13 | Build | Farm |
| 16:23 | Build | House |
| 16:26 | Build | House |
| 16:32 | Create | Archer |
| 16:32 | Create | Archer |
| 17:08 | Create | Archer |
| 17:12 | Create | Villager (Male) |
| 17:12 | Create | Villager (Male) |
| 17:15 | Build | Farm |
| 17:16 | Build | Farm |
| 17:29 | Build | Farm |
| 17:39 | Create | Archer |
| 17:39 | Create | Archer |
| 17:49 | Build | Farm |
| 18:01 | Build | House |
| 18:06 | Create | Archer |
| 18:06 | Create | Archer |
| 18:08 | Create | Villager (Male) |
| 18:08 | Create | Villager (Male) |
| 18:12 | Build | Farm |
| 18:24 | Create | Archer |
| 18:25 | Create | Archer |
| 18:40 | Build | House |
| 18:49 | Create | Archer |
| 19:06 | Create | Villager (Male) |
| 19:06 | Create | Villager (Male) |
| 19:13 | Build | House |
| 19:14 | Create | Archer |
| 19:21 | Build | Farm |
| 19:22 | Build | Farm |
| 19:35 | Build | House |
| 19:36 | Build | House |
| 19:43 | Build | Farm |
| 20:04 | Build | Farm |
| 20:14 | Research | Castle Age |
| 20:35 | Create | Archer |
| 20:35 | Create | Archer |
| 20:39 | Create | Archer |
| 20:40 | Create | Archer |
| 21:01 | Build | Farm |
| 21:13 | Create | Archer |
| 21:13 | Create | Archer |
| 21:21 | Research | Gold Mining |
| 21:31 | Create | Archer |
Build order — Gırbanç
First 150 of 367 actions detected
| 0:01 | Create | Villager (Male) |
| 0:01 | Create | Villager (Male) |
| 0:02 | Build | House |
| 0:04 | Build | House |
| 0:04 | Create | Villager (Male) |
| 0:05 | Create | Villager (Male) |
| 1:26 | Create | Villager (Male) |
| 1:26 | Create | Villager (Male) |
| 1:40 | Build | Lumber Camp |
| 1:47 | Build | House |
| 1:58 | Create | Villager (Male) |
| 1:58 | Create | Villager (Male) |
| 2:21 | Create | Villager (Male) |
| 2:21 | Create | Villager (Male) |
| 2:46 | Create | Villager (Male) |
| 2:47 | Create | Villager (Male) |
| 3:17 | Create | Villager (Male) |
| 3:17 | Create | Villager (Male) |
| 4:02 | Create | Villager (Male) |
| 4:02 | Create | Villager (Male) |
| 4:04 | Create | Villager (Male) |
| 4:05 | Create | Villager (Male) |
| 4:06 | Research | Loom |
| 4:12 | Build | House |
| 4:12 | Create | Villager (Male) |
| 4:13 | Create | Villager (Male) |
| 4:41 | Create | Villager (Male) |
| 4:41 | Create | Villager (Male) |
| 4:48 | Create | Villager (Male) |
| 4:49 | Create | Villager (Male) |
| 5:21 | Create | Villager (Male) |
| 5:21 | Create | Villager (Male) |
| 5:24 | Create | Villager (Male) |
| 5:25 | Create | Villager (Male) |
| 5:49 | Build | Mining Camp |
| 5:59 | Create | Villager (Male) |
| 5:59 | Create | Villager (Male) |
| 6:23 | Create | Villager (Male) |
| 6:23 | Create | Villager (Male) |
| 7:15 | Create | Villager (Male) |
| 7:19 | Create | Villager (Male) |
| 7:29 | Create | Villager (Male) |
| 7:35 | Create | Villager (Male) |
| 7:46 | Build | Mill |
| 7:47 | Create | Villager (Male) |
| 7:47 | Create | Villager (Male) |
| 8:52 | Build | Barracks |
| 8:56 | Build | Palisade Wall |
| 9:13 | Create | Villager (Male) |
| 9:27 | Research | Feudal Age |
| 9:27 | Research | Feudal Age |
| 9:59 | Build | Farm |
| 10:00 | Build | Farm |
| 10:02 | Build | Farm |
| 10:32 | Build | House |
| 11:18 | Create | Villager (Male) |
| 11:37 | Age | Feudal Age |
| 11:41 | Build | Archery Range |
| 11:50 | Research | Double-Bit Axe |
| 11:55 | Create | Villager (Male) |
| 12:09 | Build | House |
| 12:19 | Create | Archer |
| 12:19 | Create | Archer |
| 12:32 | Build | House |
| 12:34 | Build | Palisade Wall |
| 12:35 | Create | Villager (Male) |
| 12:46 | Create | Villager (Male) |
| 12:54 | Build | Blacksmith |
| 12:58 | Build | House |
| 12:59 | Create | Villager (Male) |
| 13:04 | Create | Archer |
| 13:35 | Create | Archer |
| 13:36 | Create | Villager (Male) |
| 13:45 | Research | Fletching |
| 13:45 | Research | Padded Archer Armor |
| 13:46 | Create | Villager (Male) |
| 14:26 | Create | Villager (Male) |
| 14:29 | Create | Archer ×5 |
| 14:29 | Create | Villager (Male) |
| 14:33 | Build | Farm |
| 14:49 | Create | Villager (Male) |
| 14:53 | Build | Farm |
| 15:09 | Create | Skirmisher |
| 15:14 | Create | Skirmisher |
| 15:19 | Build | House |
| 15:29 | Build | Lumber Camp |
| 15:35 | Build | Farm |
| 15:38 | Build | Farm |
| 15:43 | Create | Skirmisher |
| 15:54 | Build | Farm |
| 16:00 | Build | House |
| 16:02 | Build | Palisade Wall |
| 16:26 | Build | Farm |
| 16:27 | Build | Farm |
| 16:27 | Create | Villager (Male) |
| 16:35 | Build | Farm |
| 16:43 | Build | Market |
| 16:44 | Create | Villager (Male) |
| 17:22 | Create | Villager (Male) |
| 17:44 | Create | Archer ×5 |
| 18:04 | Build | House |
| 18:05 | Build | House |
| 18:06 | Build | House |
| 18:07 | Create | Villager (Male) |
| 18:09 | Build | House |
| 18:10 | Build | House |
| 18:12 | Create | Villager (Male) |
| 18:20 | Create | Villager (Male) |
| 18:29 | Build | House |
| 18:36 | Build | Farm |
| 18:39 | Build | Mill |
| 18:42 | Build | Farm |
| 19:03 | Create | Villager (Male) |
| 19:06 | Build | Farm |
| 19:08 | Create | Archer ×3 |
| 19:49 | Create | Archer |
| 19:57 | Build | Farm |
| 20:20 | Create | Villager (Male) |
| 20:38 | Create | Villager (Male) |
| 20:39 | Create | Villager (Male) |
| 20:54 | Research | Castle Age |
| 20:58 | Create | Villager (Male) |
| 21:07 | Create | Archer |
| 21:22 | Create | Villager (Male) |
| 21:34 | Build | Farm |
| 21:34 | Build | Farm |
| 21:40 | Build | Mill |
| 21:41 | Build | Farm |
| 21:41 | Build | Farm |
| 21:49 | Build | Watch Tower |
| 22:20 | Create | Villager (Male) |
| 22:25 | Create | Skirmisher |
| 22:26 | Create | Skirmisher |
| 22:27 | Create | Villager (Male) |
| 22:31 | Build | Archery Range |
| 22:36 | Build | House |
| 22:37 | Create | Villager (Male) |
| 22:47 | Create | Archer |
| 22:49 | Create | Archer |
| 22:50 | Create | Villager (Male) |
| 23:19 | Create | Skirmisher |
| 23:19 | Create | Skirmisher |
| 23:37 | Age | Castle Age |
| 23:39 | Research | Crossbowman (upgrade) |
| 23:41 | Research | Bodkin Arrow |
| 23:42 | Research | Leather Archer Armor |
| 23:43 | Create | Villager (Male) |
| 23:43 | Create | Villager (Male) |
| 23:56 | Build | University |
| 24:03 | Create | Villager (Male) |
Match timeline
| 5:49 | [PYSA] - Manu Jijobili · wall_segment Palisade Wall x1 |
| 6:38 | [PYSA] - Manu Jijobili · wall_segment Palisade Wall x4 |
| 6:53 | Khaledus Secundus · wall_segment Palisade Wall x1 |
| 7:29 | Khaledus Secundus · first_building Barracks |
| 8:12 | [PYSA] - Manu Jijobili · wall_segment Palisade Wall x4 |
| 8:19 | Khaledus Secundus · wall_segment Palisade Wall x1 |
| 8:19 | Khaledus Secundus · wall_segment Palisade Wall x1 |
| 8:19 | [PYSA] - ༺Jijolino Locche༻ · first_building Barracks |
| 8:20 | Khaledus Secundus · wall_segment Palisade Wall x1 |
| 8:42 | [PYSA] - ༺Jijolino Locche༻ · wall_segment Palisade Wall x4 |
| 8:44 | [PYSA] - ༺Jijolino Locche༻ · wall_segment Palisade Wall x1 |
| 8:52 | Gırbanç · first_building Barracks |
| 8:54 | murat · first_building Barracks |
| 8:56 | Gırbanç · wall_segment Palisade Wall x4 |
| 9:13 | [PYSA] - Abusamadres Jones · wall_segment Palisade Wall x1 |
| 9:31 | Khaledus Secundus · wall_segment Palisade Wall x8 |
| 9:33 | Khaledus Secundus · age_up feudal |
| 9:40 | Khaledus Secundus · first_building Stable |
| 9:41 | [PYSA] - ༺Jijolino Locche༻ · age_up feudal |
| 9:46 | [PYSA] - ༺Jijolino Locche༻ · first_building Archery Range |
| 9:59 | [PYSA] - Abusamadres Jones · wall_segment Palisade Wall x7 |
| 10:09 | murat · age_up feudal |
| 10:12 | murat · first_building Stable |
| 10:24 | [PYSA] - Manu Jijobili · first_building Barracks |
| 10:44 | [PYSA] - Manu Jijobili · wall_segment Palisade Wall x1 |
| 10:45 | [PYSA] - Manu Jijobili · wall_segment Palisade Wall x1 |
| 10:48 | [PYSA] - Abusamadres Jones · age_up feudal |
| 11:05 | murat · wall_segment Palisade Wall x1 |
| 11:07 | murat · wall_segment Palisade Wall x1 |
| 11:09 | [PYSA] - Abusamadres Jones · wall_segment Palisade Wall x6 |
| 11:16 | [PYSA] - Manu Jijobili · age_up feudal |
| 11:36 | [PYSA] - Manu Jijobili · first_building Stable |
| 11:37 | Gırbanç · age_up feudal |
| 11:41 | Gırbanç · first_building Archery Range |
| 12:12 | [PYSA] - Manu Jijobili · wall_segment Palisade Wall x1 |
| 12:19 | [PYSA] - ༺Jijolino Locche༻ · wall_segment Palisade Wall x9 |
| 12:23 | [PYSA] - ༺Jijolino Locche༻ · wall_segment Palisade Wall x14 |
| 12:25 | [PYSA] - ༺Jijolino Locche༻ · wall_segment Palisade Wall x3 |
| 12:26 | [PYSA] - Abusamadres Jones · wall_segment Palisade Wall x1 |
| 12:28 | [PYSA] - Abusamadres Jones · wall_segment Palisade Wall x1 |
| 12:33 | [PYSA] - Abusamadres Jones · wall_segment Palisade Wall x11 |
| 12:34 | Gırbanç · wall_segment Palisade Wall x1 |
| 12:35 | [PYSA] - ༺Jijolino Locche༻ · wall_segment Palisade Wall x1 |
| 13:30 | [PYSA] - Abusamadres Jones · wall_segment Palisade Wall x4 |
| 13:50 | Khaledus Secundus · wall_segment Palisade Wall x1 |
| 13:55 | [PYSA] - Abusamadres Jones · first_building Barracks |
| 14:22 | [PYSA] - Abusamadres Jones · age_up castle |
| 14:47 | Khaledus Secundus · wall_segment Palisade Wall x5 |
| 15:00 | [PYSA] - Abusamadres Jones · first_building Archery Range |
| 15:11 | [PYSA] - Manu Jijobili · wall_segment Palisade Wall x1 |
| 15:12 | [PYSA] - Manu Jijobili · wall_segment Palisade Wall x1 |
| 15:19 | Khaledus Secundus · wall_segment Palisade Wall x1 |
| 15:19 | Khaledus Secundus · wall_segment Palisade Wall x1 |
| 15:20 | Khaledus Secundus · wall_segment Palisade Wall x1 |
| 16:02 | Gırbanç · wall_segment Palisade Wall x3 |
| 16:38 | murat · wall_segment Palisade Wall x4 |
| 17:02 | [PYSA] - Abusamadres Jones · wall_segment Palisade Wall x1 |
| 17:06 | Khaledus Secundus · wall_segment Palisade Wall x23 |
| 17:10 | Khaledus Secundus · wall_segment Palisade Wall x11 |
| 17:46 | murat · wall_segment Palisade Wall x7 |
| 18:22 | [PYSA] - Abusamadres Jones · first_market_sell 100 wood |
| 18:40 | [PYSA] - Manu Jijobili · age_up castle |
| 18:51 | Gırbanç · first_market_buy 100 food |
| 18:54 | Gırbanç · first_market_sell 100 wood |
| 20:22 | Khaledus Secundus · wall_segment Stone Wall x1 |
| 20:24 | Khaledus Secundus · wall_segment Stone Wall x1 |
| 20:41 | murat · wall_segment Palisade Wall x17 |
| 20:59 | Khaledus Secundus · age_up castle |
| 21:29 | murat · age_up castle |
| 21:33 | murat · wall_segment Palisade Wall x10 |
| 21:57 | [PYSA] - Abusamadres Jones · wall_segment Palisade Wall x1 |
| 22:54 | [PYSA] - ༺Jijolino Locche༻ · age_up castle |
| 23:37 | Gırbanç · age_up castle |
| 25:18 | Gırbanç · wall_segment Stone Wall x1 |
| 26:40 | Khaledus Secundus · first_building Monastery |
| 26:50 | [PYSA] - ༺Jijolino Locche༻ · first_building Stable |
| 26:59 | murat · wall_segment Palisade Wall x1 |
| 27:16 | murat · first_building Archery Range |
| 29:53 | Khaledus Secundus · first_building Castle |
| 30:13 | [PYSA] - Abusamadres Jones · first_building Siege Workshop |
| 30:56 | [PYSA] - Abusamadres Jones · first_building Monastery |
| 31:34 | [PYSA] - ༺Jijolino Locche༻ · first_building Monastery |
| 32:06 | murat · first_building Monastery |
| 32:13 | [PYSA] - Abusamadres Jones · first_building Castle |
| 32:13 | Khaledus Secundus · first_market_sell 500 wood |
| 33:01 | Gırbanç · first_building Monastery |
| 33:23 | Khaledus Secundus · wall_segment Stone Wall x8 |
| 34:18 | [PYSA] - Manu Jijobili · first_building Castle |
| 34:20 | [PYSA] - Abusamadres Jones · wall_segment Palisade Wall x5 |
| 34:25 | [PYSA] - Abusamadres Jones · wall_segment Palisade Wall x19 |
| 34:35 | Khaledus Secundus · first_building Archery Range |
| 34:50 | murat · first_market_buy 100 stone |
| 35:04 | [PYSA] - Manu Jijobili · first_building Monastery |
| 35:26 | Gırbanç · first_building Castle |
| 35:35 | [PYSA] - ༺Jijolino Locche༻ · first_building Siege Workshop |
| 35:38 | Khaledus Secundus · age_up imperial |
| 35:40 | [PYSA] - ༺Jijolino Locche༻ · age_up imperial |
| 35:51 | murat · first_building Siege Workshop |
| 37:58 | Gırbanç · age_up imperial |
| 38:06 | [PYSA] - ༺Jijolino Locche༻ · first_market_buy 100 wood |
| 39:30 | murat · age_up imperial |
| 42:34 | [PYSA] - Manu Jijobili · age_up imperial |
| 44:08 | Khaledus Secundus · first_market_buy 500 wood |
| 45:07 | [PYSA] - ༺Jijolino Locche༻ · resign |
| 45:10 | murat · first_building Castle |
[ AI ANALYSIS · 1 CREDIT ]
What really happened in this match?
Wolo.gg analyzes every decision: build order, eco, micro, common mistakes by bracket. Personalized analysis on WhatsApp or Discord in 30 seconds.
Civ guide
Franks
Map guide
Arabia
Perfil
Jugador #18789